 Dungeon Crawl Stone Soup version 0.31-a0-620-gd1cbd99268 (webtiles) character file.

Game seed: 8650922152444234986

646 gruber the Grappler (level 7, -2/61 HPs)
             Began as a Troll Shapeshifter on Aug 23, 2023.
             Slain by a lemure (8 damage)
             ... led by Pikel
             ... on level 5 of the Dungeon.
             The game lasted 00:03:21 (3161 turns).

gruber the Grappler (Troll Shapeshifter)            Turns: 3161, Time: 00:03:22

Health: -2/61      AC:  4    Str: 24    XL:     7   Next: 27%
Magic:  6/6        EV: 10    Int:  4    God:
Gold:   378        SH:  0    Dex: 12    Spells: 6/6 levels left

rFire   . .          .
                       - Unarmed
rCold   + . .        (no shield)
rNeg    . . .        a - +0 animal skin
rPois   .            (helmet currently unavailable)
rElec   .            (cloak currently unavailable)
rCorr   .            (gloves unavailable)
SInv    .            (boots unavailable)
Will    .....        g - amulet of regeneration
Stlth   +            w - ring of protection from cold
HPRegen 1.90/turn    (no ring)
MPRegen 0.10/turn

%: no passive effects
@: beast-form
A: beast (slay +1), large, unfitting armour, claws 3, regeneration 1, shaggy fur
1, tough skin 1
a: Begin Untransformation


You were on level 5 of the Dungeon.
You were a hulking beast.
You visited 1 branch of the dungeon, and saw 5 of its levels.

You collected 378 gold pieces.

Inventory:

Armour
 a - a +0 animal skin (worn)
 r - a +0 cloak
Jewellery
 g - an amulet of regeneration (around neck)
 w - a ring of protection from cold (left claw)
Talismans
 c - a beast talisman (active)
 d - a flux talisman
Wands
 q - a wand of light (3)
Scrolls
 f - a scroll of fear {unknown}
 i - 4 scrolls of identify {unknown}
 j - a scroll of acquirement {unknown}
 k - a scroll of immolation {unknown}
 m - 2 scrolls of teleportation {unknown}
 o - a scroll of brand weapon {unknown}
 s - a scroll of blinking {unknown}
Potions
 b - 2 potions of lignification
 e - a potion of resistance {unknown}
 h - a potion of mutation {unknown}
 l - 4 potions of haste {unknown}
 n - 3 potions of invisibility {unknown}
 p - a potion of curing {unknown}
 t - a potion of enlightenment {unknown}
 u - 2 potions of cancellation {unknown}
 v - a potion of attraction {unknown}


   Skills:
 - Level 0.7 Fighting
 - Level 1.5 Dodging
 + Level 8.5 Unarmed Combat
 - Level 3.0 Shapeshifting


You had 6 spell levels left.
You didn't know any spells.
Your spell library contained the following spells:

 Spells                   Type           Power      Damage    Failure   Level
 Ensorcelled Hibernation  Hex/Ice        0%         N/A       65%         2
 Scorch                   Fire           0%         2d5       65%         2
 Dazzling Flash           Conj/Hex       0%         N/A       86%         3
 Inner Flame              Hex/Fire       0%         N/A       86%         3
 Vhi's Electric Charge    Tloc/Air       0%         N/A       86%         3
 Volatile Blastmotes      Fire/Tloc      0%         2d10      86%         3
 Anguish                  Hex/Necr       0%         N/A       99%         4
 Flame Wave               Conj/Fire      0%         2d4       99%         4
 Sticky Flame             Conj/Fire      0%         2d3       99%         4
 Arcjolt                  Conj/Air       0%         1d10      100%        5
 Plasma Beam              Fire/Air       0%         2x1d10    100%        6
 Starburst                Conj/Fire      0%         6d3       100%        6
 Summon Cactus Giant      Summ           0%         N/A       100%        6
 Maxwell's Capacitive Co  Air            0%         ∞         100%        8


Dungeon Overview and Level Annotations

Branches:
Dungeon (5/15)
 Temple: D:4-7

Altars:
Cheibriados
Makhleb
Nemelex Xobeh
Xom

Annotations:
D:5 Pikel


Innate Abilities, Weirdness & Mutations

You are a hulking beast.
Your limbs bulge with bestial killing power. (Slay +1)
You are too large for most types of armour.
You have claws for hands.
Your natural rate of healing is unusually fast.
You are covered in fur. (AC +1)
You have tough skin. (AC +1)


Message History

Pikel attacks as he pursues you!
Pikel hits you with a +1 whip of flaming.
Pikel burns you. The lemure attacks as it pursues you! The lemure hits you.
Pikel attacks as he pursues you! Pikel barely misses you.
The lemure attacks as it pursues you! The lemure completely misses you.
Pikel attacks as he pursues you!
Pikel hits you with a +1 whip of flaming!
* * * LOW HITPOINT WARNING * * *
Pikel burns you.
* * * LOW HITPOINT WARNING * * *
Unknown command.
Unknown command.
Pikel attacks as he pursues you!
Pikel hits you with a +1 whip of flaming!
* * * LOW HITPOINT WARNING * * *
Pikel burns you.
* * * LOW HITPOINT WARNING * * *
Pikel attacks as he pursues you!
Pikel hits you with a +1 whip of flaming.
* * * LOW HITPOINT WARNING * * *
Pikel burns you.
* * * LOW HITPOINT WARNING * * *
Pikel attacks as he pursues you!
Pikel hits you with a +1 whip of flaming.
* * * LOW HITPOINT WARNING * * *
Pikel burns you.
* * * LOW HITPOINT WARNING * * *
Pikel attacks as he pursues you!
Pikel hits you with a +1 whip of flaming.
* * * LOW HITPOINT WARNING * * *
Pikel burns you.
* * * LOW HITPOINT WARNING * * *
Pikel attacks as he pursues you!
Pikel hits you with a +1 whip of flaming.
* * * LOW HITPOINT WARNING * * *
Pikel burns you.
* * * LOW HITPOINT WARNING * * *
The lemure attacks as it pursues you! The lemure hits you!
You die...

###....##..#...#......##
......###..#..###.#...#
..#.†###.....####.#..##
.......#....#...††...#
..#.#.).....#........#
#####.....z.#........#
##...z...........#
#......z.55.....#
##....####Kh.<..# #.####
###.#### ### ###


You could see Pikel, 2 lemures and 3 wights.

Vanquished Creatures
  An ogre (D:4)
  2 lemures (D:5)
  A phantom (D:4)
  A jelly (D:4)
  2 hounds (D:5)
  An orc priest (D:4)
  2 iguanas (D:4)
  An orc wizard (D:3)
  6 gnolls
  10 adders
  2 ufetubi (D:4)
  A worm (D:3)
  2 dart slugs
  17 orcs
  5 endoplasms
  3 giant cockroaches
  6 goblins
  5 hobgoblins
  4 jackals (D:1)
  15 kobolds
  8 quokkas
  8 ball pythons
  10 bats
  4 frilled lizards
  5 rats
122 creatures vanquished.

Notes
Turn   | Place    | Note
-------+----------+-------------------------------------------
     0 | D:1      | gruber the Troll Shapeshifter began the quest for the Orb.
     0 | D:1      | Reached XP level 1. HP: 18/18 MP: 0/0
   185 | D:1      | Reached XP level 2. HP: 26/26 MP: 1/1
   415 | D:1      | Reached skill level 4 in Unarmed Combat
   573 | D:1      | Reached XP level 3. HP: 32/32 MP: 2/2
   908 | D:2      | Found a faded altar of an unknown god.
  1173 | D:2      | Reached skill level 5 in Unarmed Combat
  1173 | D:2      | Reached XP level 4. HP: 38/40 MP: 3/3
  1501 | D:3      | Reached XP level 5. HP: 30/46 MP: 4/4
  1653 | D:3      | Found a shimmering altar of Xom.
  1662 | D:3      | Reached skill level 6 in Unarmed Combat
  1967 | D:3      | Found a burning altar of Makhleb.
  2138 | D:3      | Found a snail-covered altar of Cheibriados.
  2358 | D:4      | Noticed an ogre
  2369 | D:4      | Killed an ogre
  2370 | D:4      | Reached XP level 6. HP: 18/54 MP: 5/5
  2405 | D:4      | Reached skill level 7 in Unarmed Combat
  2645 | D:4      | Reached skill level 8 in Unarmed Combat
  2645 | D:4      | Reached XP level 7. HP: 56/61 MP: 6/6
  2685 | D:4      | Found a sparkling altar of Nemelex Xobeh.
  2998 | D:5      | Entered Level 5 of the Dungeon
  3129 | D:5      | Noticed Pikel
  3157 | D:5      | HP: 3/61 [Pikel/+1 whip of flaming (2)]
  3161 | D:5      | Slain by a lemure

Illustrated notes

Levels and vault maps discovered:
D:1:      amcnicky_arrival_wind_blow, layout_basic
D:2:      layout_basic, shapermc_ecumenical_altar_mp_ritualfount,
          minmay_pentomino_t4
D:3:      layout_loops_cross, lightli_temple_of_fire, cheibriados_altar_1,
          xom_confusion_cloud, grunt_ministairs_6,
          nicolae_concentric_dashed_squares_mild
D:4:      layout_basic, nemelex_spade_bored_becter, minmay_quantized
D:5:      layout_cave_pools, mainiacjoe_overflow_swirl, uniq_eustachio,
          uniq_pikel, uniq_menkaure

Skill      XL: |  1  2  3  4  5  6 |
---------------+-------------------+-----
Unarmed Combat | 4 5 6 8 |  8.5
Fighting       | |  0.7
Dodging        | |  1.5
Shapeshifting  | |  3.0

Action                     |  1- 3 |  4- 6 |  7- 9 || total
---------------------------+-------+-------+-------++-------
  Melee: Unarmed           |    84 |   133 |    43 ||   260
         Punch             |     1 |     2 |     1 ||     4
   Stab: Sleeping          |     3 |       |     1 ||     4
 Armour: Animal skin       |    29 |    35 |     6 ||    70
  Dodge: Dodged            |    50 |    59 |    17 ||   126

Table legend: (Time is in decaauts)
 A = Elapsed time spent in this place.
 B = Non-inter-level travel time spent in this place.
 C = Inter-level travel time spent in this place.
 D = Time resting spent in this place.
 E = Time spent auto-exploring this place.
 F = Levels seen in this place.
 G = Mean time per level.
                   A        B        C        D        E       F      G
               +--------+--------+--------+--------+--------+-----+--------+
         Total |   3131 |   2890 |    241 |      0 |   2290 |   5 |  626.2 |
       Dungeon |   3131 |   2890 |    241 |      0 |   2290 |   5 |  626.2 |
               +--------+--------+--------+--------+--------+-----+--------+

Top non-repeatable levels by time:
     D:1: 894 daAuts
     D:3: 813 daAuts
     D:4: 649 daAuts
     D:2: 616 daAuts
     D:5: 156 daAuts
